ITL
HAVANA ROLLERS @ BIRMINGHAM BARONS
08/04/2028
 
TOP OF THE 1ST
Havana Rollers batting - Pitching for Birmingham Barons : RHP Guillermo Lozano
Pitching: RHP Guillermo Lozano
Batting: RHB Jesús Villalobos 0-0: Ball
1-0: Foul Ball, location: 2F
1-1: Fly out, F7 (Line Drive, 78M)
Batting: RHB Francisco Rincón 0-0: Called Strike
0-1: Ball
1-1: Ball
2-1: Called Strike
2-2: Strikes out looking
Batting: SHB Edgardo Osorio 0-0: Ball
1-0: Ball
2-0: Fly out, F9 (Flyball, 9S)
Top of the 1st over - 0 run(s), 0 hit(s), 0 error(s), 0 left on base; Havana 0 - Birmingham 0
BOTTOM OF THE 1ST
Birmingham Barons batting - Pitching for Havana Rollers : LHP Dennis Taylor
Pitching: LHP Dennis Taylor
Batting: LHB Alberto Santos 0-0: Called Strike
0-1: Called Strike
0-2: Foul Ball, location: 2F
0-2: Ball
1-2: Foul Ball, location: 2F
1-2: Ball
2-2: Foul Ball, location: 2F
2-2: Foul Ball, location: 2F
2-2: Foul Ball, location: 2F
2-2: Ground out 1-3 (Groundball, 15)
Batting: LHB John Haney 0-0: Swinging Strike
0-1: Called Strike
0-2: Strikes out looking
Batting: LHB José Rivera 0-0: Ball
1-0: Called Strike
1-1: Foul Ball, location: 2F
1-2: Strikes out swinging
Bottom of the 1st over - 0 run(s), 0 hit(s), 0 error(s), 0 left on base; Havana 0 - Birmingham 0
TOP OF THE 2ND
Havana Rollers batting - Pitching for Birmingham Barons : RHP Guillermo Lozano
Batting: SHB Pepe Piña 0-0: Ball
1-0: SINGLE (Groundball, 34D)
Batting: RHB Soshu Nakamura 0-0: Foul Ball, location: 2F
0-1: Ball
1-1: Foul Ball, location: 2F
1-2: Fly out, F5 (Popup, 5L)
Batting: LHB Enrique Cortéz 0-0: Ball
1-0: Ball
2-0: SINGLE (Flyball, 7S)
Pepe Piña to second
Batting: RHB Luis Aguilar 0-0: Fly out, F9 (Flyball, 9LS)
Batting: SHB Yasuhiro Ikarashi 0-0: Fly out, F7 (Flyball, 7S)
Top of the 2nd over - 0 run(s), 2 hit(s), 0 error(s), 2 left on base; Havana 0 - Birmingham 0
BOTTOM OF THE 2ND
Birmingham Barons batting - Pitching for Havana Rollers : LHP Dennis Taylor
Batting: RHB Bryant von Bohlen 0-0: Foul Ball, location: 2F
0-1: Ground out 2-3 (Groundball, 15S)
Batting: RHB Warren Martin 0-0: Foul Ball, location: 2F
0-1: Ball
1-1: Ball
2-1: Swinging Strike
2-2: Ball
3-2: Strikes out swinging
Batting: RHB Yujiro Kurihara 0-0: Swinging Strike
0-1: Ball
1-1: Ball
2-1: Foul Ball, location: 2F
2-2: Ball
3-2: Strikes out looking
Bottom of the 2nd over - 0 run(s), 0 hit(s), 0 error(s), 0 left on base; Havana 0 - Birmingham 0
TOP OF THE 3RD
Havana Rollers batting - Pitching for Birmingham Barons : RHP Guillermo Lozano
Batting: LHB José Torres 0-0: Ball
1-0: Called Strike
1-1: Fly out, F9 (Line Drive, 9)
Batting: RHB Jesús Villalobos 0-0: Foul Ball, location: 2F
0-1: Ball
1-1: Called Strike
1-2: Ground out 6-3 (Groundball, 6)
Batting: RHB Francisco Rincón 0-0: Called Strike
0-1: Fly out, F9 (Flyball, 9S)
Top of the 3rd over - 0 run(s), 0 hit(s), 0 error(s), 0 left on base; Havana 0 - Birmingham 0
BOTTOM OF THE 3RD
Birmingham Barons batting - Pitching for Havana Rollers : LHP Dennis Taylor
Batting: LHB Curt Walker 0-0: Called Strike
0-1: Swinging Strike
0-2: Ball
1-2: Strikes out swinging
Batting: RHB Jean-Paul St-Pierre 0-0: Called Strike
0-1: Ball
1-1: Called Strike
1-2: Strikes out swinging
Batting: RHB Carlos Vásquez 0-0: Ball
1-0: Ball
2-0: Ball
3-0: Called Strike
3-1: Fly out, F8 (Flyball, 8RD)
Bottom of the 3rd over - 0 run(s), 0 hit(s), 0 error(s), 0 left on base; Havana 0 - Birmingham 0
TOP OF THE 4TH
Havana Rollers batting - Pitching for Birmingham Barons : RHP Guillermo Lozano
Batting: SHB Edgardo Osorio 0-0: Ball
1-0: SINGLE (Groundball, 34D)
Batting: SHB Pepe Piña 0-0: Fly out, F7 (Flyball, 7LM)
Batting: RHB Soshu Nakamura 0-0: Ball
1-0: Called Strike
1-1: Ball
2-1: Foul Ball, location: 2F
2-2: Ball
3-2: Grounds into double play, 6-4-3 (Groundball, 6)
Top of the 4th over - 0 run(s), 1 hit(s), 0 error(s), 0 left on base; Havana 0 - Birmingham 0
BOTTOM OF THE 4TH
Birmingham Barons batting - Pitching for Havana Rollers : LHP Dennis Taylor
Batting: LHB Alberto Santos 0-0: Called Strike
0-1: Ball
1-1: Swinging Strike
1-2: Ball
2-2: Foul Ball, location: 2F
2-2: Ball
3-2: Base on Balls
Batting: LHB John Haney 0-0: Ball
1-0: Ball
2-0: Called Strike
2-1: Foul Ball, location: 2F
2-2: Strikes out swinging
Batting: LHB José Rivera 0-0: Ball
1-0: Ball
2-0: DOUBLE (Flyball, 89XD)
Alberto Santos to third
Runner from 3rd tries for Home, SAFE, no throw
Batting: RHB Bryant von Bohlen 0-0: Called Strike
0-1: Fly out, F7 (Flyball, 7)
Batting: RHB Warren Martin 0-0: Ball
1-0: Foul Ball, location: 2F
1-1: Foul Ball, location: 2F
1-2: Ball
2-2: Foul Ball, location: 2F
2-2: Ball
3-2: Base on Balls
Batting: RHB Yujiro Kurihara 0-0: Ball
1-0: Fielders Choice at 2nd, 6-4 (Groundball, 6)
Bottom of the 4th over - 1 run(s), 1 hit(s), 0 error(s), 1 left on base; Havana 0 - Birmingham 1
TOP OF THE 5TH
Havana Rollers batting - Pitching for Birmingham Barons : RHP Guillermo Lozano
Batting: LHB Enrique Cortéz 0-0: Called Strike
0-1: Ball
1-1: Foul Ball, location: 2F
1-2: Ball
2-2: Foul Ball, location: 2F
2-2: Foul Ball, location: 2F
2-2: Ball
3-2: Foul Ball, location: 2F
3-2: Base on Balls
Batting: RHB Luis Aguilar 0-0: Ball
1-0: Ball
2-0: Called Strike
2-1: Ball
3-1: Swinging Strike
3-2: Grounds into double play, 5-4-3 (Groundball, 5L)
Batting: SHB Yasuhiro Ikarashi 0-0: Called Strike
0-1: Ball
1-1: Foul Ball, location: 2F
1-2: Fly out, F8 (Flyball, 8LS)
Top of the 5th over - 0 run(s), 0 hit(s), 0 error(s), 0 left on base; Havana 0 - Birmingham 1
BOTTOM OF THE 5TH
Birmingham Barons batting - Pitching for Havana Rollers : LHP Dennis Taylor
Batting: LHB Curt Walker 0-0: Ball
1-0: Swinging Strike
1-1: Ball
2-1: Ball
3-1: SINGLE (Groundball, 34) (infield hit)
Batting: RHB Jean-Paul St-Pierre 0-0: Ball
Wild Pitch!
Curt Walker to second
1-0: Intentional Walk
Batting: RHB Carlos Vásquez 0-0: Foul Ball, location: 2F
0-1: Called Strike
0-2: Strikes out looking
Pitching: LHP Dave Miller
Batting: LHB Alberto Santos 0-0: Called Strike
0-1: Grounds into double play, 4-6-3 (Groundball, 34)
Bottom of the 5th over - 0 run(s), 1 hit(s), 0 error(s), 1 left on base; Havana 0 - Birmingham 1
TOP OF THE 6TH
Havana Rollers batting - Pitching for Birmingham Barons : RHP Guillermo Lozano
Batting: LHB José Torres 0-0: Ball
1-0: Ball
2-0: Foul Ball, location: 2F
2-1: Ground out 1-3 (Groundball, P)
Batting: RHB Jesús Villalobos 0-0: Called Strike
0-1: Swinging Strike
0-2: Ball
1-2: Foul Ball, location: 2F
1-2: Ball
2-2: Ground out 3-1 (Groundball, 34)
Batting: RHB Francisco Rincón 0-0: Ball
1-0: Foul Ball, location: 2F
1-1: SINGLE (Groundball, 56D)
Batting: SHB Edgardo Osorio 0-0: Ball
1-0: Called Strike
1-1: Ball
2-1: Ball
3-1: Base on Balls
Francisco Rincón to second
Batting: SHB Pepe Piña 0-0: Ball
1-0: Called Strike
1-1: Ball
2-1: Foul Ball, location: 2F
2-2: Ball
3-2: Base on Balls
Francisco Rincón to third
Edgardo Osorio to second
Batting: RHB Soshu Nakamura 0-0: Ball
1-0: Fielders Choice at 2nd, 4-6 (Groundball, 4)
Top of the 6th over - 0 run(s), 1 hit(s), 0 error(s), 2 left on base; Havana 0 - Birmingham 1
BOTTOM OF THE 6TH
Birmingham Barons batting - Pitching for Havana Rollers : LHP Dave Miller
Batting: LHB John Haney 0-0: Called Strike
0-1: Ground out 4-3 (Groundball, 34)
Batting: LHB José Rivera 0-0: Foul Ball, location: 2F
0-1: Fly out, F7 (Flyball, 7LSF)
Batting: RHB Bryant von Bohlen 0-0: Ball
1-0: Called Strike
1-1: Ball
2-1: Ball
3-1: Fly out, F7 (Flyball, 78S)
Bottom of the 6th over - 0 run(s), 0 hit(s), 0 error(s), 0 left on base; Havana 0 - Birmingham 1
TOP OF THE 7TH
Havana Rollers batting - Pitching for Birmingham Barons : RHP Guillermo Lozano
Batting: LHB Enrique Cortéz 0-0: Swinging Strike
0-1: Ground out 1-3 (Groundball, 13S)
Batting: RHB Luis Aguilar 0-0: Fly out, F8 (Flyball, 8LS)
Batting: SHB Yasuhiro Ikarashi 0-0: Called Strike
0-1: Foul Ball, location: 2F
0-2: Ball
1-2: SINGLE (Line Drive, 4D)
Batting: LHB José Torres 0-0: Ball
1-0: Called Strike
1-1: Ball
2-1: SINGLE (Line Drive, 34D)
Yasuhiro Ikarashi to second
Pinch Hitting: LHB Jimmy Husted 0-0: Swinging Strike
0-1: Ground out U3 (Groundball, 3S)
Top of the 7th over - 0 run(s), 2 hit(s), 0 error(s), 2 left on base; Havana 0 - Birmingham 1
BOTTOM OF THE 7TH
Birmingham Barons batting - Pitching for Havana Rollers : LHP Dave Miller
Now at SS: Chad Case
Batting: RHB Warren Martin 0-0: Ball
1-0: Called Strike
1-1: Foul Ball, location: 2F
1-2: Foul Ball, location: 2F
1-2: Strikes out looking
Batting: RHB Yujiro Kurihara 0-0: Foul Ball, location: 2F
0-1: Foul Ball, location: 2F
0-2: Ball
1-2: Ball
2-2: Ball
3-2: Foul Ball, location: 2F
3-2: DOUBLE (Line Drive, 89D)
Pinch Hitting: RHB Juan Jiménez 0-0: Ball
1-0: Ball
2-0: Ball
3-0: Called Strike
3-1: Foul Ball, location: 2F
3-2: Base on Balls
Batting: RHB Jean-Paul St-Pierre 0-0: Fly out, F8 (Flyball, 8RS)
Batting: RHB Carlos Vásquez 0-0: Called Strike
0-1: Called Strike
0-2: Ball
1-2: Ball
2-2: Ball
3-2: Strikes out swinging
Bottom of the 7th over - 0 run(s), 1 hit(s), 0 error(s), 2 left on base; Havana 0 - Birmingham 1
TOP OF THE 8TH
Havana Rollers batting - Pitching for Birmingham Barons : RHP Guillermo Lozano
Now at 3B: Juan Jiménez
Batting: RHB Francisco Rincón 0-0: Swinging Strike
0-1: Ball
1-1: Ground out 6-3 (Groundball, 6)
Batting: SHB Edgardo Osorio 0-0: Fly out, F6 (Flyball, 6D)
Batting: SHB Pepe Piña 0-0: Ball
1-0: Called Strike
1-1: Ground out U3 (Groundball, 3)
Top of the 8th over - 0 run(s), 0 hit(s), 0 error(s), 0 left on base; Havana 0 - Birmingham 1
BOTTOM OF THE 8TH
Birmingham Barons batting - Pitching for Havana Rollers : LHP Dave Miller
Batting: LHB Alberto Santos 0-0: Ball
1-0: Called Strike
1-1: Fly out, F7 (Flyball, 78M)
Batting: LHB John Haney 0-0: Called Strike
0-1: Ground out 1-3 (Groundball, 13)
Batting: LHB José Rivera 0-0: Ball
1-0: Ball
2-0: Ground out 4-3 (Groundball, 4)
Bottom of the 8th over - 0 run(s), 0 hit(s), 0 error(s), 0 left on base; Havana 0 - Birmingham 1
TOP OF THE 9TH
Havana Rollers batting - Pitching for Birmingham Barons : RHP Guillermo Lozano
Batting: RHB Soshu Nakamura 0-0: Ball
1-0: Swinging Strike
1-1: Ball
2-1: SINGLE (Groundball, 6MD)
Batting: LHB Enrique Cortéz 0-0: Called Strike
0-1: Ball
1-1: Ball
2-1: Ball
3-1: SINGLE (Groundball, 34)
Soshu Nakamura to second
Runner from 2nd tries for 3rd, SAFE, throw made to third
Batting: RHB Luis Aguilar 0-0: Called Strike
0-1: SINGLE (Groundball, 6MD)
Soshu Nakamura scores
Enrique Cortéz to second
Batting: SHB Yasuhiro Ikarashi 0-0: Foul Ball, location: 2F
0-1: Ball
1-1: Foul Ball, location: 2F
1-2: Ball
2-2: Ball
3-2: SINGLE (Groundball, 25) (infield hit)
Enrique Cortéz to third
Luis Aguilar to second
Pitching: LHP Richard Simpson
Batting: LHB José Torres 0-0: Called Strike
0-1: Swinging Strike
0-2: Ball
1-2: Strikes out looking
Pinch Hitting: RHB Yaichiro Sugahara 0-0: Called Strike
0-1: Ball
1-1: Foul Ball, location: 2F
1-2: Foul Ball, location: 2F
1-2: Foul Ball, location: 2F
1-2: Fly out, F4 (Popup, 34)
Batting: RHB Francisco Rincón 0-0: Called Strike
0-1: Ball
1-1: Foul Ball, location: 2F
1-2: Ball
2-2: Foul Ball, location: 2F
2-2: Foul Ball, location: 2F
2-2: Fielders Choice at 2nd, 4-6 (Groundball, 4)
Top of the 9th over - 1 run(s), 4 hit(s), 0 error(s), 2 left on base; Havana 1 - Birmingham 1
BOTTOM OF THE 9TH
Birmingham Barons batting - Pitching for Havana Rollers : LHP Dave Miller
Now at SS: Mitsuharu Matsumoto
Batting: RHB Bryant von Bohlen 0-0: Ball
1-0: Swinging Strike
1-1: Called Strike
1-2: Foul Ball, location: 2F
1-2: Strikes out swinging
Batting: RHB Warren Martin 0-0: Ball
1-0: Called Strike
1-1: DOUBLE (Line Drive, 7LM)
Batting: RHB Yujiro Kurihara 0-0: Intentional Walk
Batting: RHB Juan Jiménez 0-0: Ball
1-0: Called Strike
1-1: Fly out, F8 (Flyball, 8LM)
Batting: RHB Jean-Paul St-Pierre 0-0: Ball
1-0: Foul Ball, location: 2F
1-1: Foul Ball, location: 2F
1-2: Foul Ball, location: 2F
1-2: Fly out, F9 (Flyball, 9LS)
Bottom of the 9th over - 0 run(s), 1 hit(s), 0 error(s), 2 left on base; Havana 1 - Birmingham 1
TOP OF THE 10TH
Havana Rollers batting - Pitching for Birmingham Barons : LHP Richard Simpson
Batting: SHB Edgardo Osorio 0-0: Called Strike
0-1: Ball
1-1: Ball
2-1: Foul Ball, location: 2F
2-2: Foul Ball, location: 2F
2-2: Strikes out swinging
Pitching: RHP Ken Lyons
Batting: SHB Pepe Piña 0-0: Ball
1-0: Foul Ball, location: 2F
1-1: Fly out, F2 (Popup, P)
Batting: RHB Soshu Nakamura 0-0: Foul Ball, location: 2F
0-1: Foul Ball, location: 2F
0-2: Ball
1-2: Ball
2-2: Foul Ball, location: 2F
2-2: SOLO HOME RUN (Flyball, 7D), Distance : 359 ft
Batting: LHB Enrique Cortéz 0-0: Ball
1-0: Called Strike
1-1: SINGLE (Flyball, 7S)
Batting: RHB Luis Aguilar 0-0: Ball
1-0: Swinging Strike
Pickoff Throw to First - Out!
Top of the 10th over - 1 run(s), 2 hit(s), 0 error(s), 0 left on base; Havana 2 - Birmingham 1
BOTTOM OF THE 10TH
Birmingham Barons batting - Pitching for Havana Rollers : LHP Dave Miller
Pitching: RHP Augusto Muñíz
Pinch Hitting: SHB Orlando Aguilar 0-0: Ball
1-0: Swinging Strike
1-1: Ball
2-1: Ball
3-1: Foul Ball, location: 2F
3-2: Base on Balls
Batting: LHB Alberto Santos 0-0: Bunted foul
0-1: Bunt missed!
0-2: Foul Ball, location: 2F
0-2: Ball
1-2: Foul Ball, location: 2F
1-2: Ball
2-2: DOUBLE (Line Drive, 9LM)
Orlando Aguilar to third
Batting: LHB John Haney 0-0: Called Strike
0-1: Swinging Strike
0-2: Ball
1-2: Ball
2-2: Foul Ball, location: 2F
2-2: Fly out, F8 (Flyball, 8LM)
Batting: LHB José Rivera 0-0: Foul Ball, location: 2F
0-1: Swinging Strike
0-2: Strikes out swinging
Batting: RHB Bryant von Bohlen 0-0: Called Strike
0-1: Ball
1-1: Fly out, F4 (Popup, 4MD)
Bottom of the 10th over - 0 run(s), 1 hit(s), 0 error(s), 2 left on base; Havana 2 - Birmingham 1
Tuesday, August 8th, 2017 - OOTP Baseball 17.12 Build 75